 Dungeon Crawl Stone Soup version 0.23-a0-296-ga3b1b28ecf (webtiles) character file.

1814 Pixllover the Chopper (level 8, -3/71 HPs)
             Began as a Minotaur Berserker on Sept 18, 2018.
             Was an Elder of Trog.
             Slain by Duvessa
             ... wielding a +0 rapier
              (19 damage)
             ... on level 7 of the Dungeon on Oct 5, 2018.
             The game lasted 00:18:27 (5863 turns).

Pixllover the Chopper (Minotaur Berserker)          Turns: 5863, Time: 00:18:28

Health: -3/71      AC:  0    Str: 24    XL:     8   Next: 84%
Magic:  7/7        EV: 16    Int:  4    God:    Trog [****..]
Gold:   167        SH:  0    Dex: 10    Spells: 7/7 levels left

rFire    . . .     SeeInvis .   (weapon currently unavailable)
rCold    . . .     Gourm    .   (shield currently unavailable)
rNeg     . . .     Faith    .   (armour currently unavailable)
rPois    .         Spirit   .   (helmet currently unavailable)
rElec    .         Reflect  .   (cloak currently unavailable)
rCorr    .         Harm     .   (gloves currently unavailable)
MR       .....     Clarity  +   (boots currently unavailable)
Stlth    +.........             (no amulet)
HPRegen  0.21/turn              (ring currently unavailable)
MPRegen  0.10/turn              (ring currently unavailable)

@: pig-form (expiring), very quick
A: small, (retaliatory headbutt), clarity
a: Berserk, Trog's Hand, Brothers in Arms, Renounce Religion


You were on level 7 of the Dungeon.
You worshipped Trog.
Trog was greatly pleased with you.
You were not hungry.
You were a filthy swine.
You visited 1 branch of the dungeon, and saw 7 of its levels.
You also visited: Sewer.

You collected 167 gold pieces.

Inventory:

Hand Weapons
 r - a +3 quarterstaff of chaos
 t - a +5 war axe (melded)
 z - a +3 war axe
Missiles
 s - 5 tomahawks (quivered)
Armour
 b - a +0 scale mail (melded)
 f - a +0 pair of boots (melded)
 q - a +2 cloak of poison resistance (melded)
 x - a +0 buckler (melded)
Jewellery
 h - a +4 ring of evasion (melded)
 o - a +3 ring of strength (melded)
Wands
 a - a wand of digging (12)
Scrolls
 d - 2 scrolls of blinking
 e - 2 scrolls of magic mapping
 g - a scroll of identify
 l - 2 scrolls of enchant armour
 n - 5 scrolls of remove curse
 w - 2 scrolls of teleportation
 y - a scroll of immolation
 B - a scroll of enchant weapon
Potions
 j - 4 potions of heal wounds
 k - 2 potions of berserk rage
 m - 6 potions of curing
 p - a potion of haste
 u - 5 potions of brilliance
 v - 5 potions of might
 A - 2 potions of flight
Comestibles
 c - 10 rations
 i - 7 chunks of flesh


   Skills:
 + Level 6.9 Fighting
 + Level 7.1(7.9) Axes
   Level 5.2(7.8) Maces & Flails
 + Level 5.4(6.4) Staves
 + Level 6.0 Armour
 + Level 4.3 Dodging
 + Level 1.2 Stealth
 + Level 1.0 Shields


You had 7 spell levels left.
You didn't know any spells.
Your spell library was empty.

Dungeon Overview and Level Annotations

Branches:
Dungeon (7/15)             Temple (0/1) D:7

Altars:
Sif Muna

Shops:
D:7 [

Annotations:
D:7 Duvessa


Innate Abilities, Weirdness & Mutations

((You reflexively headbutt those who attack you in melee.))
((You have a pair of horns on your head.))
((You are partially covered in slimy green scales. (AC +2)))
You possess an exceptional clarity of mind.


Message History

Trog accepts your kill.
Trog appreciates your killing of a magic user.
Duvessa screams, "No!
How DARE you!"
Duvessa goes berserk!
Your Stealth skill increases to level 1!
Duvessa closely misses you.
You feel much better. Duvessa hits you with a rapier!
Duvessa closely misses you.
You barely miss Duvessa.
Duvessa is moderately wounded.
Duvessa hits you with a rapier!
You hit Duvessa.
Duvessa is moderately wounded.
Duvessa hits you with a rapier! Duvessa hits you with a rapier.
* * * LOW HITPOINT WARNING * * *
You hit Duvessa.
Duvessa is moderately wounded.
Your transformation is almost over.
Duvessa hits you with a rapier!!
You die...

#.# #.# #.# #
#.# #.#####.##
#........#
#.....######
#.#he...... #
#).####### #.
#........# #.#
#.######.# #.##
#.# #.# #.###.#
#.# #....# ##.##
####.#.##
##...##
#.......#
###.##..########


You could see Duvessa (berserk).

Vanquished Creatures
  An ice beast (D:4)
  2 phantoms
  2 ogres
  A centaur (D:7)
  A big kobold (D:7)
  2 bullfrogs
  A scorpion (D:5)
  Dowan (D:7)
  A quasit (D:7)
  A jelly (D:5)
  6 orc wizards
  5 orc priests
  Crazy Yiuf (D:2)
  2 iguanas
  5 worker ants
  A howler monkey zombie (D:6)
  3 gnolls (D:3)
  10 adders
  11 river rats
  A shadow imp (D:6)
  2 oozes (Sewer)
  An adder skeleton (D:5)
  6 worms
  6 dart slugs
  2 leopard geckos
  24 orcs
  3 bats
  5 giant cockroaches
  5 goblins
  9 hobgoblins
  2 quokkas
  6 ball pythons
  A ball python zombie (D:5)
  4 frilled lizards
  27 kobolds
  2 quokka skeletons
  25 rats
188 creatures vanquished.

Notes
Turn   | Place    | Note
-------+----------+-------------------------------------------
     0 | D:1      | Pixllover the Minotaur Berserker began the quest for the
                  | Orb.
     0 | D:1      | Reached XP level 1. HP: 19/19 MP: 0/0
   194 | D:1      | Reached XP level 2. HP: 18/27 MP: 1/1
  1100 | D:1      | Upgraded the game from 0.23-a0-180-ga5275e7ff7 to
                  | 0.23-a0-296-ga3b1b28ecf
  1128 | D:2      | Reached XP level 3. HP: 33/33 MP: 2/2
  1284 | D:2      | Reached ** piety under Trog
  1355 | D:2      | Reached XP level 4. HP: 41/41 MP: 3/3
  1366 | D:2      | Found a runed door.
  1370 | D:2      | Noticed Crazy Yiuf
  1376 | D:2      | Killed Crazy Yiuf
  1749 | D:2      | Reached skill level 5 in Fighting
  1774 | D:2      | Reached skill level 5 in Maces & Flails
  1807 | D:2      | Found a deep blue altar of Sif Muna.
  1990 | D:3      | Reached skill level 1 in Staves
  1990 | D:3      | Reached XP level 5. HP: 48/48 MP: 4/4
  2837 | D:3      | Gained mutation: You are covered in fur. (AC +1) [potion of
                  | mutation]
  2837 | D:3      | Gained mutation: Your mind is acute. (Int +2) [potion of
                  | mutation]
  2838 | D:3      | Lost mutation: Your mind is acute. (Int +2) [potion of
                  | mutation]
  2838 | D:3      | Lost mutation: You are covered in fur. (AC +1) [potion of
                  | mutation]
  2838 | D:3      | Gained mutation: You are partially covered in slimy green
                  | scales. (AC +2) [potion of mutation]
  2838 | D:3      | Gained mutation: You possess an exceptional clarity of
                  | mind. [potion of mutation]
  2890 | D:4      | Reached XP level 6. HP: 46/56 MP: 5/5
  2949 | D:4      | Reached *** piety under Trog
  2964 | D:4      | Noticed an ice beast
  2972 | D:4      | Killed an ice beast
  3041 | D:4      | Reached XP level 7. HP: 46/61 MP: 6/6
  3543 | D:4      | Reached skill level 1 in Axes
  3543 | D:4      | Reached skill level 5 in Staves
  3631 | D:5      | Entered Level 5 of the Dungeon
  4115 | D:5      | Reached skill level 2 in Axes
  4115 | D:5      | Reached skill level 5 in Armour
  4533 | D:6      | Reached XP level 8. HP: 70/70 MP: 7/7
  4584 | D:6      | Reached skill level 3 in Axes
  4721 | D:6      | Reached skill level 4 in Axes
  4936 | D:6      | Found a glowing drain.
  4985 | Sewer    | Entered a sewer
  5001 | Sewer    | Reached **** piety under Trog
  5203 | Sewer    | Reached skill level 5 in Axes
  5574 | D:7      | Found a staircase to the Ecumenical Temple.
  5649 | D:7      | Found Yrioteapp's Armour Shoppe.
  5715 | D:7      | Reached skill level 6 in Axes
  5737 | D:7      | Reached skill level 1 in Shields
  5739 | D:7      | Reached skill level 7 in Axes
  5848 | D:7      | Noticed Duvessa
  5849 | D:7      | Noticed Dowan
  5858 | D:7      | Killed Dowan
  5858 | D:7      | Reached skill level 1 in Stealth
  5863 | D:7      | Slain by Duvessa

Vault maps used:
D:1:      lightli_arrival_statuegarden
D:2:      nicolae_overflow_hidden_temple, first_ration, uniq_crazy_yiuf_cottage
D:3:      kennysheep_six_static_rooms, minmay_misc_feat_tower
D:6:      portal_sewer_entry_c, item_on_display_a
D:7:      minmay_temple_entry_nine_rooms, serial_shops, shop, uniq_duvessa,
          uniq_harold
Sewer:    sewer_minmay_treatment

Skill      XL: |  1  2  3  4  5  6  7  8 |
---------------+-------------------------+-----
Maces & Flails | 4 5 |  5.2
Fighting       | 4 5 6 |  6.9
Armour         | 3 4 5 6 |  6.0
Staves         | 1 3 4 5 |  5.4
Dodging        | 3 4 |  4.3
Axes           | 2 7 |  7.1
Shields        | 1 |  1.0
Stealth        | 1 |  1.2

Action                   |  1- 3 |  4- 6 |  7- 9 || total
-------------------------+-------+-------+-------++-------
Melee: Mace              |    49 |     6 |       ||    55
       Headbutt          |     7 |    23 |    23 ||    53
       Quarterstaff      |       |    95 |     2 ||    97
       War axe           |       |       |   150 ||   150
       Unarmed           |       |       |     9 ||     9
  Use: Scroll            |     4 |     5 |    13 ||    22
       Potion            |     1 |     6 |     2 ||     9
  Eat: Chunk             |     1 |     6 |     5 ||    12
       Ration            |       |       |     1 ||     1
Armor: Animal skin       |     3 |       |       ||     3
       Ring mail         |     6 |    19 |       ||    25
       Scale mail        |       |    22 |    72 ||    94
Dodge: Dodged            |    60 |    88 |   163 ||   311
Block: Buckler           |       |       |    22 ||    22

Table legend:
 A = Non-vault XP
 B = Vault XP
 C = Vault XP percentage of total XP
 D = Non-vault monster count
 E = Vault monster count
 F = Vault count percentage of total count
                 A         B        C        D         E       F
            +---------+---------+-------+---------+---------+-------
      Total |    2237 |     355 |  13.7 |     126 |      62 |  33.0
            +---------+---------+-------+---------+---------+-------
        D:1 |      29 |       0 |   0.0 |      16 |       0 |   0.0
        D:2 |     121 |      39 |  24.4 |      29 |       1 |   3.3
        D:3 |     128 |      10 |   7.2 |      21 |       6 |  22.2
        D:4 |     723 |       0 |   0.0 |      25 |       0 |   0.0
        D:5 |     243 |       0 |   0.0 |       6 |       0 |   0.0
        D:6 |     454 |      23 |   4.8 |      18 |       6 |  25.0
        D:7 |     539 |      69 |  11.3 |      11 |       1 |   8.3
      Sewer |       0 |     214 | 100.0 |       0 |      48 | 100.0
            +---------+---------+-------+---------+---------+-------
